 Dungeon Crawl Stone Soup version 0.28-a0-925-gd5e1996cdb (webtiles) character file.

Game seed: 2993022323839548913

295014 vineage the Warrior (level 20, -8/140 HPs)
             Began as a Gargoyle Fighter on Nov 26, 2021.
             Was the Champion of Okawaru.
             Killed from afar by an ironbound frostheart (34 damage)
             ... by creeping frost
             ... on level 3 of the Vaults.
             The game lasted 01:15:28 (41567 turns).

vineage the Warrior (Gargoyle Fighter)             Turns: 41567, Time: 01:15:29

Health: -8/140     AC: 43    Str: 29    XL:     20   Next: 87%
Magic:  28/28      EV: 35    Int: 13    God:    Okawaru [******]
Gold:   3424       SH: 27    Dex: 26    Spells: 19/19 levels left

rFire   . . .      SeeInvis .   o - +3 eveningstar "Oxoulesch" {elec, rC+ Str+2 Int+2 Dex+2}
rCold   + . .      Faith    .   y - +0 tower shield
rNeg    + . .      Spirit   .   h - +0 plate armour
rPois   ∞          Reflect  .   V - +0 helmet
rElec   +          Harm     .   C - scarf {repulsion}
rCorr   .          Rampage  .   K - +0 pair of gloves {Dex+3}
Will    +....                   t - +1 pair of boots of Temperance {rPois Regen+}
Stlth   ..........              E - amulet of the acrobat
HPRegen 1.13/turn               k - +6 ring of dexterity
MPRegen 0.21/turn               v - +6 ring of strength

@: heroic, finesse-ful, acrobatic, flying, repel missiles
A: sickness immunity, AC +15, big wings, negative energy resistance 1,
electricity resistance, torment resistance 1, petrification resistance
}: 2/15 runes: serpentine, barnacled
a: Renounce Religion, Heroism, Finesse, Duel


You were on level 3 of the Vaults.
You worshipped Okawaru.
Okawaru was exalted by your worship.
You visited 7 branches of the dungeon, and saw 34 of its levels.
You visited the Abyss 1 time.

You collected 4250 gold pieces.
You spent 826 gold pieces at shops.

Inventory:

Hand Weapons
 d - a +3 mace of holy wrath
 n - the +8 hand axe of Fate {spect, rElec}
   (You found it on level 4 of the Dungeon)

   When its wielder attacks, the weapon's spirit leaps out and strikes again.
   The spirit shares a part of any damage it takes with its wielder.
   rElec:     It insulates you from electricity.
 o - the +3 eveningstar "Oxoulesch" (weapon) {elec, rC+ Str+2 Int+2 Dex+2}
   (You took it off a gnoll on level 7 of the Dungeon)

   It occasionally discharges a powerful burst of electricity upon striking a
   foe.
   Str:       It affects your strength (+2).
   Int:       It affects your intelligence (+2).
   Dex:       It affects your dexterity (+2).
   rC:        It protects you from cold.
 u - a +2 whip of flaming
 w - a +0 demon whip of electrocution
 P - the +5 morningstar of Deoss {holy, rPois Will+ MP-9 Stlth+}
   (Okawaru gifted it to you on level 3 of the Shoals)

   It has been blessed by the Shining One to cause great damage to the undead
   and demons.
   rPois:     It protects you from poison.
   MP:        It affects your magic capacity (-9).
   Will:      It increases your willpower.
   Stlth:     It makes you more stealthy.
Missiles
 e - 10 throwing nets (quivered)
Armour
 h - a +0 plate armour (worn)
 t - the +1 pair of boots of Temperance (worn) {rPois Regen+}
   (You acquired it on level 13 of the Dungeon)

   rPois:     It protects you from poison.
   Regen:     It increases your rate of health regeneration.
 y - a +0 tower shield (worn)
 C - a scarf of repulsion (worn)
 K - a +0 pair of gloves of dexterity (worn)
 U - a +1 pair of gloves of infusion
 V - a +0 helmet (worn)
Jewellery
 k - a +6 ring of dexterity (left hand)
 p - a +6 ring of dexterity
 v - a +6 ring of strength (right hand)
 E - an amulet of the acrobat (around neck)
 J - a ring of protection from cold
 L - a ring of positive energy
 M - a +6 ring of strength
 R - a ring of magical power
 W - a +6 ring of intelligence
 Z - the ring "Basom" {Fire Dex+6}
   (You bought it in a shop on level 1 of the Dungeon)

   [ring of fire]

   It enhances your fire magic.
   Dex:       It affects your dexterity (+6).
   rF:        It protects you from fire.
   rC:        It makes you vulnerable to cold.
Wands
 b - a wand of digging (4)
 A - a wand of mindburst (14)
 T - a wand of polymorph (7)
Scrolls
 c - 13 scrolls of identify
 g - 10 scrolls of teleportation
 i - 11 scrolls of magic mapping
 l - 3 scrolls of enchant weapon
 m - 6 scrolls of fog
 z - 4 scrolls of amnesia
 D - 5 scrolls of enchant armour
 F - 2 scrolls of fear
 H - 2 scrolls of blinking
 I - 3 scrolls of silence
 O - 4 scrolls of immolation
 Q - 3 scrolls of vulnerability
Potions
 a - 4 potions of brilliance
 f - 7 potions of curing
 j - a potion of mutation {unknown}
 q - 3 potions of invisibility
 r - a potion of haste
 s - 3 potions of berserk rage
 x - 3 potions of might
 S - 3 potions of lignification


   Skills:
 - Level 19.6(24.6) Fighting
 + Level 17.3(22.3) Maces & Flails
 + Level 18.9(23.9) Armour
 - Level 9.9(14.9) Dodging
 + Level 18.9(23.9) Shields
 - Level 11.0 Invocations


You had 19 spell levels left.
You didn't know any spells.
Your spell library contained the following spells:

 Spells                   Type           Power      Damage    Failure   Level
 Magic Dart               Conj           0%         1d3       77%         1
 Sandblast                Erth           0%         2d4       77%         1
 Sting                    Tmut/Pois      0%         1d3       77%         1
 Ensorcelled Hibernation  Hex/Ice        0%         N/A       88%         2
 Passwall                 Tmut/Erth      0%         N/A       88%         2
 Poisonous Vapours        Pois/Air       0%         N/A       88%         2
 Searing Ray              Conj           0%         2d4       88%         2
 Static Discharge         Conj/Air       0%         N/A       88%         2
 Wereblood                Tmut           0%         N/A       88%         2
 Ignite Poison            Fire/Tmut/Pois 0%         N/A       98%         3
 Mephitic Cloud           Conj/Pois/Air  0%         N/A       98%         3
 Portal Projectile        Hex/Tloc       0%         N/A       98%         3
 Stone Arrow              Conj/Erth      0%         3d7       98%         3
 Dispel Undead            Necr           0%         3d6       100%        4
 Fulminant Prism          Conj/Hex       0%         3d6       100%        4
 Ice Form                 Ice/Tmut       0%         N/A       100%        4
 Olgreb's Toxic Radiance  Pois           0%         N/A       100%        4
 Sticky Flame             Conj/Fire      0%         2d3       100%        4
 Blade Hands              Tmut           0%         N/A       100%        5
 Excruciating Wounds      Necr           0%         N/A       100%        5
 Fireball                 Conj/Fire      0%         3d3       100%        5
 Freezing Cloud           Conj/Ice/Air   0%         6-21      100%        5
 Irradiate                Conj/Tmut      0%         3d13      100%        5
 Lightning Bolt           Conj/Air       0%         1d11      100%        5
 Iron Shot                Conj/Erth      0%         9d1       100%        6
 Starburst                Conj/Fire      0%         6d3       100%        6
 Dragon Form              Tmut           0%         N/A       100%        7
 Ozocubu's Refrigeration  Ice            0%         4d5       100%        7
 Ignition                 Fire           0%         3d3       100%        8
 Maxwell's Capacitive Co  Air            0%         ∞         100%        8
 Necromutation            Tmut/Necr      0%         N/A       100%        8
 Fire Storm               Conj/Fire      0%         5d1       100%        9
 Summon Guardian Golem    Hex/Summ       Unusable   N/A       N/A         3
 Tukima's Dance           Hex            Unusable   N/A       N/A         3
 Animate Armour           Summ/Erth      Unusable   N/A       N/A         4

Dungeon Overview and Level Annotations

Branches:
Dungeon (15/15)            Temple (1/1) D:6            Lair (5/6) D:9
 Shoals (4/4) Lair:2        Snake (4/4) Lair:3          Orc (2/2) D:12
    Elf (0/3) Orc:2        Vaults (3/5) D:13          Crypt (0/3) Vaults:2
 Depths (0/4) D:15
  Slime: Lair:5-6

Altars:
Ashenzari
Cheibriados
Dithmenos
Elyvilon
Fedhas
Gozag
Hepliaklqana
Kikubaaqudgha
Makhleb
Nemelex Xobeh
Okawaru
Qazlal
Ru
Sif Muna
Trog
Uskayaw
Vehumet
Wu Jian
Xom
Yredelemnul
Zin
The Shining One
Beogh

Shops:
D:1 (=   D:5 *   D:12 :   Orc:2 ([:?   Shoals:1 (   Snake:3 *   Snake:4 *
Vaults:3 [

Annotations:
D:13 Sonja


Innate Abilities, Weirdness & Mutations

You are immune to sickness and miasma.
Your stone body is resilient. (AC +15)
You are immune to poison.
Your large and strong wings let you fly.
You resist negative energy. (rN+)
You are resistant to electric shocks. (rElec)
You are resistant to unholy torment.
You are immune to petrification.


Message History

The ironbound frostheart calls freezing cold from the walls.
The frost grips you!! You partially resist.
* * * LOW HITPOINT WARNING * * *
You are encased in ice.
You impale the vault guard!!
You kill the vault guard!
Okawaru accepts your kill.
The yaktaur captain shoots a bolt.
You block the bolt.
The ironbound frostheart calls freezing cold from the walls.
The frost grips you. You partially resist.
* * * LOW HITPOINT WARNING * * *
The ice encasing you melts away.
The ironbound frostheart calls freezing cold from the walls.
The frost grips you but does no damage.
You are encased in ice.
Items here: ! )) [[ †.
You bludgeon the yaktaur captain!!
The yaktaur captain is moderately wounded.
The yaktaur captain unwields a +0 arbalest.
You block the yaktaur captain's attack.
Your plate armour prevents you from hitting the yaktaur captain.
The yaktaur captain is moderately wounded.
You flatten the yaktaur captain like a pancake!!!
The yaktaur captain is almost dead.
You impale the yaktaur captain!!
Lightning courses through the yaktaur captain!!
You kill the yaktaur captain!
Okawaru accepts your kill.
You hit the ironbound frostheart but do no damage.
You bludgeon the ironbound frostheart!!
The ironbound frostheart is heavily wounded.
You sock the ironbound frostheart!
The ironbound frostheart is severely wounded.
The vault sentinel blows a loud note on a signal horn!
You sock the ironbound frostheart!
The ironbound frostheart is almost dead.
The ice encasing you melts away.
The ironbound frostheart calls freezing cold from the walls.
The frost grips you!! You partially resist.
You die...

#....∩.......#
#............#
#......)..Y..#
#####
#...########.#
#...# #p..#
###...###.÷.#
+......p#...#
#.....†)up..#
+......@#...#
###...###(..#
#...# #..c# #####
#...# #...#
######### #...#
#.......# #...#
###......)###...#
#....###....'...#


You could see a white ugly thing, an ironbound frostheart and a vault sentinel
(catching breath).

Vanquished Creatures
  Boris (Vaults:2)
  Nikola (Shoals:1)
  Asterion (Vaults:3)
  Mlioglotl (Shoals:3)
  3 tentacled starspawn (Abyss:2)
  8 sphinxes
  Frances (Shoals:1)
  Polyphemus (Shoals:3)
  A fenstrider witch (Shoals:2)
  Ilsuiw (Shoals:2)
  5 nagarajas
  An orc warlord (Vaults:2)
  5 vault wardens
  A cacodemon (Abyss:2)
  11 ironbound preservers
  2 war gargoyles
  4 very ugly things
  3 entropy weavers
  8 dire elephants
  A merfolk javelineer (Shoals:2)
  An ettin (D:14)
  Snorg (D:13)
  5 yaktaur captains
  A crystal guardian (Vaults:2)
  A great orb of eyes (Vaults:3)
  2 salamander tyrants (Snake:4)
  3 merfolk impalers
  Harold (D:7)
  16 naga warriors
  2 peacekeepers
  2 ogre magi
  6 vault guards
  3 ironbound thunderhulks
  10 hydras
  2 boulder beetles
  3 merfolk avatars
  4 ironbound frosthearts
  4 catoblepae
  13 centaur warriors
  6 anacondas
  4 merfolk aquamancers
  A boulder beetle (shapeshifter) (D:14)
  Erica (D:10)
  8 death yaks
  12 satyrs
  An alligator snapping turtle (Shoals:4)
  11 two-headed ogres
  3 tengu warriors
  2 death knights (Vaults:2)
  A thrashing horror (Abyss:2)
  2 orc high priests (Orc:2)
  Urug (D:13)
  11 shock serpents
  17 naga sharpshooters
  A wretched star (Abyss:2)
  4 skeletal warriors (D:15)
  5 salamander mystics
  A spatial maelstrom (Abyss:2)
  37 deep trolls
  6 sea snakes
  24 harpies
  A glowing orange brain (Vaults:2)
  3 naga ritualists
  4 orc knights
  10 ironbound convokers
  10 lindwurms
  5 wizards
  Pikel (D:6)
  3 deep elf pyromancers
  A phantasmal warrior (Vaults:2)
  A necromancer (D:15)
  A large abomination (Abyss:2)
  14 mana vipers
  22 ugly things
  A wolf spider (D:15)
  An orc sorcerer (Orc:2)
  17 salamanders
  21 manticores
  2 worldbinders (Abyss:2)
  A wolf spider zombie (D:15)
  20 fauns
  6 cyclopes
  A spectral centaur (D:15)
  A will-o-the-wisp (Abyss:2)
  Joseph (D:7)
  4 elephants
  8 merfolk sirens
  8 guardian serpents
  2 smoke demons (Abyss:2)
  A water nymph (shapeshifter) (D:13)
  30 black mambas
  12 naga magi
  13 vault sentinels
  2 orange demons (Abyss:2)
  2 water nymphs
  8 cane toads
  4 gargoyles
  A rime drake (Lair:5)
  A kobold demonologist (D:9)
  An unseen horror (D:10)
  8 komodo dragons
  17 yaktaurs
  A silent spectre (Abyss:2)
  25 merfolk
  3 meliai
  A wind drake (shapeshifter) (D:15)
  3 polar bears
  13 trolls
  4 raiju (Abyss:2)
  5 wind drakes
  21 blink frogs
  A snapping turtle (shapeshifter) (Vaults:2)
  10 snapping turtles
  11 slime creatures
  16 dream sheep
  A vampire (D:10)
  22 yaks
  5 redbacks (Vaults:2)
  12 water elementals
  Eustachio (D:6)
  3 wraiths
  A steam dragon (D:8)
  11 basilisks
  12 vampire mosquitoes
  6 wyverns
  2 chaos spawn (Abyss:2)
  4 wargs
  Edmund (D:5)
  50 nagas
  4 acid dragons
  11 water moccasins
  2 ice beasts
  3 sky beasts
  17 orc warriors
  2 black bears
  22 ogres
  19 wolves
  18 centaurs
  2 necrophages (D:5)
  A phantom (D:5)
  20 bullfrogs
  A kobold brigand (D:8)
  5 gnoll sergeants
  A wyvern zombie (D:7)
  2 scorpions
  3 small abominations (Abyss:2)
  A water moccasin skeleton (D:6)
  6 killer bees (D:10)
  3 howler monkeys
  10 wights (D:7)
  7 centaur zombies
  4 centaur skeletons
  4 gnoll shamans
  8 hounds
  3 jellies
  13 orc priests
  An iron imp (Abyss:2)
  Jessica (D:2)
  3 iguanas
  17 orc wizards
  Terence (D:2)
  A killer bee zombie (D:8)
  A hound zombie (D:5)
  A howler monkey zombie (D:8)
  28 gnolls
  3 adders
  2 white imps (Vaults:2)
  2 ufetubi
  A worm (D:5)
  52 orcs
  A ball python (D:4)
  4 endoplasms (D:4)
  3 giant cockroaches
  7 goblins
  4 hobgoblins
  9 jackals
  5 quokkas
  3 training dummies (Shoals:1)
  5 bats
  6 frilled lizards
  14 kobolds
  4 rats
1185 creatures vanquished.

Vanquished Creatures (others)
  A manticore (Shoals:1)
  A naga mage (Snake:4)
  A wind drake (Shoals:1)
  An ufetubus (Abyss:2)
  2 foxfires (Abyss:2)
  24 fungi
  106 plants
  16 starspawn tentacles
152 creatures vanquished.

Grand Total: 1337 creatures vanquished

Notes
Turn   | Place    | Note
-------+----------+-------------------------------------------
     0 | D:1      | vineage the Gargoyle Fighter began the quest for the Orb.
     0 | D:1      | Reached XP level 1. HP: 14/14 MP: 1/1
    99 | D:1      | Found Ereun's Jewellery Boutique.
   279 | D:1      | Reached XP level 2. HP: 20/20 MP: 2/2
   413 | D:1      | Reached skill level 4 in Fighting
   686 | D:1      | Found Adeon's Antique Weapon Shoppe.
  1282 | D:1      | Found a faded altar of an unknown god.
  1650 | D:2      | Noticed Terence
  1659 | D:2      | Killed Terence
  1660 | D:2      | Reached skill level 5 in Fighting
  1660 | D:2      | Reached XP level 3. HP: 9/26 MP: 3/3
  1906 | D:2      | Reached XP level 4. HP: 7/31 MP: 4/4
  2351 | D:2      | Noticed Jessica
  2357 | D:2      | Killed Jessica
  2358 | D:2      | Reached skill level 6 in Fighting
  2358 | D:2      | Reached XP level 5. HP: 35/36 MP: 5/5
  3642 | D:4      | Reached skill level 7 in Fighting
  3671 | D:4      | Noticed an ogre
  3678 | D:4      | Killed an ogre
  3679 | D:4      | Reached XP level 6. HP: 26/44 MP: 6/6
  3693 | D:4      | Reached skill level 8 in Fighting
  3790 | D:4      | Reached XP level 7. HP: 28/50 MP: 7/7
  4124 | D:4      | HP: 2/50 [ogre (13)]
  4531 | D:4      | Reached skill level 9 in Fighting
  4837 | D:4      | Identified the +8 hand axe of Fate {spect, rElec}
  5249 | D:5      | Entered Level 5 of the Dungeon
  5320 | D:5      | Reached skill level 10 in Fighting
  5365 | D:5      | Reached XP level 8. HP: 55/58 MP: 8/8
  5561 | D:5      | Reached skill level 11 in Fighting
  5773 | D:5      | Noticed Edmund
  5790 | D:5      | Killed Edmund
  6064 | D:5      | Reached skill level 12 in Fighting
  6133 | D:5      | Found Bagoxal's Bounteous Boutique.
  6382 | D:6      | Reached XP level 9. HP: 65/66 MP: 9/9
  6432 | D:6      | Noticed Pikel
  6445 | D:6      | Killed Pikel
  6446 | D:6      | Reached skill level 13 in Fighting
  6447 | D:6      | Noticed Eustachio
  6495 | D:6      | Killed Eustachio
  6513 | D:6      | Found a staircase to the Ecumenical Temple.
  6530 | D:6      | Identified the +2 robe "Zecaukk" {Harm rElec}
  6579 | D:6      | Reached skill level 14 in Fighting
  7175 | Temple   | Entered the Ecumenical Temple
  7414 | Temple   | Became a worshipper of Warmaster Okawaru
  7791 | D:7      | Identified the +3 eveningstar "Oxoulesch" {elec, rC+ Str+2
                  | Int+2 Dex+2}
  8134 | D:7      | Noticed Joseph
  8147 | D:7      | Reached skill level 15 in Fighting
  8165 | D:7      | Killed Joseph
  8166 | D:7      | Reached XP level 10. HP: 32/77 MP: 10/10
  8481 | D:7      | Reached * piety under Okawaru
  8781 | D:7      | Noticed Harold
  8795 | D:7      | Killed Harold
  8796 | D:7      | Reached skill level 1 in Dodging
  9303 | D:8      | Reached ** piety under Okawaru
 10323 | D:8      | Noticed a two-headed ogre
 10331 | D:8      | Killed a two-headed ogre
 10332 | D:8      | Reached skill level 5 in Armour
 10332 | D:8      | Reached skill level 5 in Shields
 10502 | D:9      | Reached XP level 11. HP: 74/83 MP: 11/11
 10541 | D:8      | Reached *** piety under Okawaru
 10733 | D:9      | Reached skill level 16 in Fighting
 11131 | D:9      | Found a blossoming altar of Fedhas.
 11568 | D:9      | Noticed a two-headed ogre
 11579 | D:9      | Killed a two-headed ogre
 11891 | D:9      | Reached skill level 5 in Maces & Flails
 12012 | D:9      | Found a staircase to the Lair.
 12019 | D:9      | Reached **** piety under Okawaru
 12121 | D:10     | Entered Level 10 of the Dungeon
 12700 | D:10     | Noticed a two-headed ogre
 12708 | D:10     | Killed a two-headed ogre
 12824 | D:10     | Noticed Erica
 12843 | D:10     | Killed Erica
 12843 | D:10     | Reached ***** piety under Okawaru
 13050 | D:11     | Noticed a cyclops
 13059 | D:11     | Killed a cyclops
 13261 | D:11     | Reached XP level 12. HP: 88/90 MP: 10/12
 13882 | Lair:1   | Entered Level 1 of the Lair of Beasts
 13953 | Lair:1   | Noticed a five-headed hydra
 13968 | Lair:1   | Killed a five-headed hydra
 13969 | Lair:1   | Reached skill level 5 in Dodging
 14237 | Lair:1   | Reached skill level 1 in Invocations
 14975 | Lair:2   | Noticed a four-headed hydra
 14987 | Lair:2   | Killed a four-headed hydra
 15326 | Lair:2   | Noticed a four-headed hydra
 15336 | Lair:2   | Killed a four-headed hydra
 15336 | Lair:2   | Received a gift from Okawaru
 15588 | Lair:2   | Reached skill level 17 in Fighting
 15681 | Lair:2   | Found a staircase to the Shoals.
 15931 | Lair:3   | Reached XP level 13. HP: 79/96 MP: 15/15
 16720 | Lair:3   | Found a staircase to the Snake Pit.
 18217 | Lair:4   | Reached skill level 5 in Invocations
 18841 | Lair:4   | Reached ****** piety under Okawaru
 18999 | Lair:5   | Identified the +6 hand crossbow of Excruciating Pain
                  | {speed, Int+5} (Okawaru gifted it to you on level 5 of the
                  | Lair of Beasts)
 18999 | Lair:5   | Received a gift from Okawaru
 19357 | Lair:4   | Gained mutation: Your large and strong wings let you fly.
                  | [Gargoyle growth]
 19357 | Lair:4   | Reached XP level 14. HP: 67/103 MP: 18/18
 19522 | Lair:4   | Reached skill level 10 in Shields
 19775 | Lair:4   | Reached skill level 10 in Armour
 19964 | Lair:5   | Received a gift from Okawaru
 20837 | D:12     | Identified the +1 ring mail "Vusyhimo" {Harm +Inv rElec
                  | Dex-4} (Okawaru gifted it to you on level 12 of the
                  | Dungeon)
 20837 | D:12     | Received a gift from Okawaru
 20875 | D:12     | Found Qessetre's Self-Improvement Boutique.
 20891 | D:12     | Found a staircase to the Orcish Mines.
 21063 | D:12     | You are sucked into a shaft and drop 2 floors!
 21270 | D:14     | Reached skill level 18 in Fighting
 22174 | D:13     | Noticed Snorg
 22189 | D:13     | Killed Snorg
 22282 | D:13     | Identified 2 scrolls of acquirement
 22282 | D:13     | Acquired the +1 pair of boots of Temperance {rPois Regen+}
 22283 | D:13     | Acquired 893 gold pieces
 22661 | D:13     | Received a gift from Okawaru
 22682 | D:13     | Found a gate to the Vaults.
 22735 | D:13     | Noticed Urug
 22740 | D:13     | Noticed Sonja
 22862 | D:13     | Reached XP level 15. HP: 98/108 MP: 20/20
 23103 | D:13     | Killed Urug
 23260 | D:14     | Found an ancient bone altar of Kikubaaqudgha.
 23266 | D:14     | Reached skill level 10 in Maces & Flails
 23380 | D:14     | Found a stormy altar of Qazlal.
 23557 | D:15     | Entered Level 15 of the Dungeon
 24322 | D:15     | Received a gift from Okawaru
 24534 | D:15     | Found a staircase to the Depths.
 24825 | D:15     | Found a shadowy altar of Dithmenos.
 25096 | Orc:1    | Entered Level 1 of the Orcish Mines
 25593 | Orc:2    | Entered Level 2 of the Orcish Mines
 25829 | Orc:1    | Received a gift from Okawaru
 26035 | Orc:2    | Received a gift from Okawaru
 26059 | Orc:2    | Reached XP level 16. HP: 94/116 MP: 21/23
 26147 | Orc:2    | Found Tajoiloz's Book Shoppe.
 26155 | Orc:2    | Found Leull's Antique Weapon Shop.
 26340 | Orc:2    | Found Byoddocisa's Magic Scroll Emporium.
 26341 | Orc:2    | Found Nihubezil's Antique Armour Emporium.
 26350 | Orc:2    | Bought a scroll of teleportation for 45 gold pieces
 26350 | Orc:2    | Bought a scroll of teleportation for 45 gold pieces
 26350 | Orc:2    | Bought a scroll of enchant armour for 112 gold pieces
 26430 | Orc:2    | Found a staircase to the Elven Halls.
 26917 | Snake:1  | Entered Level 1 of the Snake Pit
 26942 | Snake:1  | HP: 5/116 [naga warrior (15)]
 26942 | Snake:1  | HP: 2/116 [constriction (3)]
 27497 | D:1      | Bought the ring "Basom" {Fire Dex+6} for 624 gold pieces
 27853 | Snake:1  | Reached skill level 19 in Fighting
 29227 | Snake:2  | Got the Grimoire of the Blaze and Poison
 29275 | Snake:2  | Reached skill level 10 in Invocations
 29383 | Snake:2  | Got the Papyrus of Ensnaring Changing
 29549 | Snake:2  | Identified the +1 hat "Xicwumiff" {*Corrode Int+3} (Okawaru
                  | gifted it to you on level 2 of the Snake Pit)
 29549 | Snake:2  | Received a gift from Okawaru
 29728 | Snake:3  | Found Kijy's General Store.
 29891 | Snake:3  | Noticed a nagaraja
 29906 | Snake:3  | Killed a nagaraja
 29961 | Snake:3  | Noticed a nagaraja
 29981 | Snake:3  | Killed a nagaraja
 30419 | Snake:3  | Acquired 721 gold pieces
 30740 | Snake:4  | Entered Level 4 of the Snake Pit
 30740 | Snake:4  | Found Kuneba's Assorted Antiques.
 30759 | Snake:4  | Reached XP level 17. HP: 108/122 MP: 23/25
 30977 | Snake:4  | Received a gift from Okawaru
 31697 | Snake:4  | Received a gift from Okawaru
 32556 | Snake:4  | Received a gift from Okawaru
 32966 | Snake:4  | Got a serpentine rune of Zot
 33200 | Shoals:1 | Entered Level 1 of the Shoals
 33313 | Shoals:1 | Found Giqapasch's Firing Range.
 33478 | Shoals:1 | Noticed Frances
 33489 | Shoals:1 | Killed Frances
 33490 | Shoals:1 | Reached XP level 18. HP: 128/128 MP: 19/26
 33658 | Shoals:1 | Noticed Nikola
 33693 | Shoals:1 | Killed Nikola
 34234 | Shoals:2 | Reached skill level 15 in Shields
 34275 | Shoals:2 | Noticed Ilsuiw
 34475 | Shoals:2 | Reached skill level 15 in Armour
 35102 | Shoals:2 | Killed Ilsuiw
 35247 | Shoals:3 | Identified the +5 morningstar of Deoss {holy, rPois Will+
                  | MP-9 Stlth+} (Okawaru gifted it to you on level 3 of the
                  | Shoals)
 35247 | Shoals:3 | Received a gift from Okawaru
 35869 | Shoals:3 | Noticed Polyphemus
 36146 | Shoals:3 | Killed Polyphemus
 36197 | Shoals:4 | Entered Level 4 of the Shoals
 36197 | Shoals:4 | Noticed Mlioglotl
 36205 | Shoals:4 | Noticed a profane servitor
 36216 | Shoals:3 | Killed Mlioglotl
 36549 | Shoals:4 | Received a gift from Okawaru
 36554 | Shoals:4 | Paralysed by a sphinx for 4 turns
 36592 | Shoals:4 | Identified the +8 hunting sling of Karma {flame, rPois
                  | rC++}
 36604 | Shoals:4 | Got a barnacled rune of Zot
 36621 | Shoals:4 | Reached XP level 19. HP: 97/133 MP: 27/27
 36849 | Shoals:4 | Paralysed by a sphinx for 3 turns
 36944 | Shoals:4 | Reached skill level 15 in Maces & Flails
 37596 | Vaults:1 | Entered Level 1 of the Vaults
 38764 | Vaults:1 | Received a gift from Okawaru
 39449 | Vaults:2 | Found a staircase to the Crypt.
 39619 | Vaults:2 | Reached XP level 20. HP: 83/140 MP: 28/28
 39636 | Vaults:2 | Received a gift from Okawaru
 40126 | Vaults:2 | Paralysed by a sphinx for 6 turns
 40137 | Vaults:2 | Paralysed by a sphinx for 2 turns
 40167 | Vaults:2 | Received a gift from Okawaru
 40574 | Vaults:3 | Noticed Boris
 40574 | Vaults:3 | Noticed Asterion
 40622 | Vaults:2 | Killed Boris
 40952 | Vaults:3 | Killed Asterion
 41120 | Vaults:3 | Paralysed by a sphinx for 7 turns
 41197 | Vaults:3 | Found Jiluu's Antique Armour Boutique.
 41249 | Vaults:3 | Cast into level 2 of the Abyss (a wizard)
 41312 | Abyss:2  | Received a gift from Okawaru
 41411 | Abyss:2  | Noticed a dread lich
 41476 | Vaults:3 | Escaped the Abyss
 41567 | Vaults:3 | Killed from afar by an ironbound frostheart

Illustrated notes

Levels and vault maps discovered:
D:1:      denvon_arrival_planthouse, layout_basic, serial_shops,
          nicolae_square_shop, shop, shapermc_ecumenical_altar_ellora
D:2:      layout_basic, corexii_hall_statues_l, st_stairs_7, uniq_terence,
          uniq_jessica
D:3:      layout_basic, lexackson_kobold_supper
D:4:      layout_basic, serial_bayou_lagoon_a
D:5:      layout_basic, nicolae_alphabet_shops, uniq_edmund
D:6:      layout_cave_pools, minmay_temple_entry_sparse_star, serial_gnoll_camp,
          gnoll_camp_huts_basic, gnoll_camp_mini_hut, gnoll_camp_mini_sergeant,
          gnoll_camp_mini_house, uniq_pikel, uniq_eustachio
D:7:      layout_basic, fountainhead, nicolae_elevator_lobby_asterisk,
          uniq_joseph, uniq_harold
D:8:      layout_gridville
D:9:      layout_cave_pools, kennysheep_mini_moat, erik_lair_dragon,
          kennysheep_generic_room_12
D:10:     layout_roguey, small_statue_alley_a, uniq_erica
D:11:     layout_long_grid
D:12:     layout_rooms, orc_0_dummy, nicolae_shop_self_help
D:13:     layout_roguey, lightli_vaults_fourway_checkpoint, uniq_sonja,
          uniq_snorg, uniq_urug
D:14:     nicolae_cairo_tiling_very_big, layout_irregular_city,
          grunt_qazlal_clouds, kiku_gazebo_pond_becter
D:15:     hangedman_depths_entry_civil_slaughter, layout_basic,
          portal_ice_cave_entry_ugly_swarm, abandoned_shop,
          hangedman_weighted_door, grunt_dithmenos_smoke
Temple:   mainiacjoe_temple_starburst
Lair:1:   layout_roguey, chequers_serial_rivers_marsh
Lair:2:   layout_cave_shapes, elwin_shoals_entry_stream, serial_bayou_shore_b
Lair:3:   layout_roguey, guppyfry_snake_entry_island,
          cheibrodos_lair_reptile_den, serial_bayou_shore_a
Lair:4:   layout_concentric_octagons
Lair:5:   wander_river, layout_regular_city, beast_lair_carwin_3,
          serial_bayou_shore_b, lemuel_fruit_tree
Shoals:1: layout_shoals, nicolae_shop_firing_range, uniq_frances, uniq_nikola
Shoals:2: layout_shoals, nicolae_shoals_beach_house_on_fowls_legs, uniq_ilsuiw
Shoals:3: layout_shoals, abandoned_shop, uniq_polyphemus
Shoals:4: shoals_end_hellmonk_lost_city, uniq_mlioglotl
Snake:1:  layout_chambers, serial_bayou_crossing, grunt_megastairs_2
Snake:2:  layout_rooms
Snake:3:  layout_basic, serial_shops, nicolae_shop_advertising_works
          [nicolae_subvault_shop_adworks]
Snake:4:  snake_pit_salamanders_mu, layout_cave_town, serial_shops,
          nicolae_shop_waterfront, st_stairs_11
Orc:1:    layout_caves, basic_altar
Orc:2:    st_orc_open, layout_caves, nicolae_volcano_entry_hallway
Vaults:1: hangedman_vaults_hat, vaults_mumra_chevron_long,
          hangedman_vaults_restitches, v_alt_pattern_1,
          nicolae_vaults_yaktaur_gun_rack, ontoclasm_vaults_gateway,
          layout_vaults_omnigrid
Vaults:2: v_misc_4, nicolae_vaults_specimen_jars, blue_anna_dwarven_crypt,
          vaults_mumra_bighexcomb, grunt_vaults_swirl,
          nicolae_vaults_border_crossing, hangedman_vaults_nails, v_rooms_1,
          serial_ice_g, nicolae_vaults_shelves_hall, vaults_room_door_ring,
          nicolae_vaults_little_squares_3, nicolae_vaults_little_squares_5,
          nicolae_vaults_little_squares_4, v_misc_13, layout_vaults_maze_bifur
Vaults:3: infiniplex_enter_wizlab_glasses, v_misc_8, vaults_room_large_hall,
          vaults_room_corners, st_cross, nicolae_vaults_circle_grid_a,
          v_misc_22, vaults_mumra_chevron, nicolae_vaults_theta,
          vaults_room_semicircle, nicolae_vaults_little_squares_3,
          layout_vaults_big_room, serial_shops, shop, uniq_boris, uniq_asterion

Skill      XL: |  1  2  3  4  5  6  7  8  9 10 11 12 13 14 15 16 17 18 19 20 |
---------------+-------------------------------------------------------------+-----
Fighting       | 5 6 7 8 10 12 15 16 17 18 19 | 19.6
Armour         | 5 7 8 9 11 12 13 14 16 17 18 | 18.9
Dodging        | 2 4 5 7 8 9 |  9.9
Shields        | 5 7 8 9 10 12 13 14 16 17 18 | 18.9
Maces & Flails | 4 6 7 8 9 10 11 13 14 16 17 | 17.3
Invocations    | 3 6 7 9 10 11 | 11.0

Action                   |  1- 3 |  4- 6 |  7- 9 | 10-12 | 13-15 | 16-18 | 19-21 || total
-------------------------+-------+-------+-------+-------+-------+-------+-------++-------
Melee: Flail             |   102 |       |       |       |       |       |       ||   102
       Mace              |     7 |    94 |    65 |       |       |       |       ||   166
       Hand axe          |       |       |   210 |       |       |       |       ||   210
       Eveningstar       |       |       |       |   447 |  1050 |  1626 |  1148 ||  4271
       Whip              |       |       |       |    11 |    47 |       |       ||    58
Invok: Heroism           |       |       |       |    11 |    13 |    24 |    15 ||    63
       Finesse           |       |       |       |     1 |    10 |     9 |     4 ||    24
  Use: Potion            |     1 |     1 |     3 |     3 |     3 |     2 |     4 ||    17
       Scroll            |       |     4 |     7 |     5 |    10 |     6 |     2 ||    34
 Stab: Distracted        |       |       |     1 |       |       |       |       ||     1
       Invisible         |       |       |       |       |     3 |       |       ||     3
Armor: Scale mail        |    41 |       |       |       |       |       |       ||    41
       Plate armour      |    27 |    47 |   181 |   458 |   668 |   696 |   386 ||  2463
       Skin              |       |       |       |       |       |     5 |       ||     5
Dodge: Dodged            |    64 |    26 |    45 |   234 |   473 |   945 |   487 ||  2274
       Repelled          |       |       |       |       |     3 |    61 |    11 ||    75
Block: Buckler           |    36 |    18 |    41 |       |       |       |       ||    95
       Kite shield       |       |       |    91 |   342 |       |       |       ||   433
       Tower shield      |       |       |       |   107 |  1423 |  2383 |  1415 ||  5328

Table legend: (Time is in decaauts)
 A = Elapsed time spent in this place.
 B = Non-inter-level travel time spent in this place.
 C = Inter-level travel time spent in this place.
 D = Time resting spent in this place.
 E = Time spent auto-exploring this place.
 F = Levels seen in this place.
 G = Mean time per level.
                   A        B        C        D        E       F      G
               +--------+--------+--------+--------+--------+-----+--------+
         Total |  42113 |  39132 |   2981 |   5462 |  24013 |  35 | 1203.2 |
       Dungeon |  19194 |  17439 |   1755 |   2934 |  11090 |  15 | 1279.6 |
        Temple |    558 |    516 |     42 |      0 |    511 |   1 |  558.0 |
          Lair |   7412 |   6864 |    548 |   1218 |   4386 |   5 | 1482.4 |
        Shoals |   4173 |   3985 |    188 |    234 |   2482 |   4 | 1043.2 |
     Snake Pit |   5482 |   5197 |    285 |    520 |   2872 |   4 | 1370.5 |
  Orcish Mines |   1486 |   1399 |     87 |     78 |    830 |   2 |  743.0 |
        Vaults |   3619 |   3546 |     73 |    477 |   1841 |   3 | 1206.3 |
         Abyss |    185 |    185 |      0 |      0 |      0 |   1 |  185.0 |
               +--------+--------+--------+--------+--------+-----+--------+

Top non-repeatable levels by time:
 Snake:4: 2354 daAuts
     D:1: 2138 daAuts
  Lair:3: 2044 daAuts
Vaults:2: 1860 daAuts
     D:4: 1860 daAuts
     D:9: 1801 daAuts
  Lair:4: 1699 daAuts
     D:8: 1622 daAuts
    D:14: 1567 daAuts
 Snake:1: 1545 daAuts
     D:7: 1454 daAuts
Vaults:1: 1362 daAuts
  Lair:2: 1297 daAuts
  Lair:1: 1237 daAuts
    D:13: 1159 daAuts
